 Dungeon Crawl Stone Soup version 0.28-a0-1182-g381e24db82 (webtiles) character file.

Game seed: 11350970799163823689

31 Lavandula the Ruffian (level 3, 0/26 HPs)
             Began as a Formicid Transmuter on Dec 17, 2021.
             Slain by a scorpion (1 damage)
             ... on level 4 of the Dungeon.
             The game lasted 00:02:22 (1628 turns).

Lavandula the Ruffian (Formicid Transmuter)         Turns: 1628, Time: 00:02:23

Health: 0/26       AC:  2    Str: 14    XL:     3   Next: 40%
Magic:  6/6        EV: 12    Int: 14    God:
Gold:   22         SH:  0    Dex: 11    Spells: 0/6 levels left

rFire   + . .      SeeInvis +     - Unarmed
rCold   + . .      Faith    .   (no shield)
rNeg    . . .      Spirit   .   a - +0 robe
rPois   +          Reflect  .   (helmet unavailable)
rElec   +          Harm     .   (no cloak)
rCorr   +          Rampage  .   (no gloves)
Will    .....                   (boots currently unavailable)
Stlth   +.........              (no amulet)
HPRegen 0.08/turn               (no ring)
MPRegen 0.10/turn               (no ring)

@: lethally poisoned (0 -> -4), appendages (expiring), resistant
A: talons 2, permanent stasis, dig shafts and tunnels, antennae 3, four strong
arms
a: Dig, Shaft Self, End Transformation


You were on level 4 of the Dungeon.
You had temporarily grown beastly talons.
You visited 1 branch of the dungeon, and saw 3 of its levels.

You collected 71 gold pieces.
You spent 49 gold pieces at shops.

Inventory:

Armour
 a - a +0 robe (worn)
Scrolls
 b - 2 scrolls of enchant weapon {unknown}
 c - a scroll of fog {unknown}
 e - a scroll of blinking {unknown}
 g - a scroll of teleportation {unknown}
 i - a scroll of vulnerability {unknown}
 j - a scroll of magic mapping
Potions
 d - a potion of flight {unknown}
 h - a potion of lignification {unknown}
 k - a potion of might {unknown}


   Skills:
 - Level 1.1 Fighting
 - Level 1.7 Dodging
 - Level 4.0 Unarmed Combat
 - Level 2.1 Spellcasting
 - Level 2.1 Transmutations
 + Level 1.6 Poison Magic


You couldn't memorise any spells.
You knew the following spells:

 Your Spells              Type           Power      Damage    Failure   Level
a - Beastly Appendage     Tmut           14%        N/A       10%         1
b - Wereblood             Tmut           7%         N/A       14%         2
c - Spider Form           Tmut/Pois      6%         N/A       32%         3

Your spell library contained the following spells:

 Spells                   Type           Power      Damage    Failure   Level
 Ice Form                 Ice/Tmut       4%         N/A       83%         4
 Alistair's Intoxication  Tmut/Pois      4%         N/A       96%         5
 Borgnjor's Vile Clutch   Necr/Erth      0%         N/A       100%        5
 Eringya's Noxious Bog    Tmut/Pois      3%         N/A       100%        6


Dungeon Overview and Level Annotations

Branches:
Dungeon (2/15)

Altars:

Shops:
D:1 *


Innate Abilities, Weirdness & Mutations

You have temporarily grown beastly talons.
You cannot be hasted, slowed, berserked, paralysed or teleported.
You can dig through walls and to a lower floor.
You have a pair of large antennae on your head. (SInv)
Your four strong arms can wield two-handed weapons with a shield.


Message History

You are poisoned.
The adder poisons you!
You closely miss the adder.
You feel sick. The adder bites you.
You are more poisoned.
The adder poisons you!
You barely miss the adder.
You feel very sick. The adder closely misses you.
You miss the adder.
Your transformation is almost over.
You feel sick. The adder barely misses you. x2
Are you sure you want to shaft yourself?
You feel sick. The adder bites you.
You are lethally poisoned!
The adder poisons you!
You begin to dig a shaft.
You continue digging a shaft.
You feel very sick. The adder misses you. A shaft appears beneath you!
You fall into a shaft and drop 2 floors!
The shaft crumbles and collapses.
You feel sick.
Okay, then.
It was a potion of resistance.
You feel protected.
* * * LOW HITPOINT WARNING * * *
You feel sick.
Okay, then.
* * * LOW HITPOINT WARNING * * *
You feel sick.
The black bear growls angrily.
Okay, then.
Okay, then.
Are you sure you want to shaft yourself?
* * * LOW HITPOINT WARNING * * *
You feel sick. The scorpion stings you.
* * * LOW HITPOINT WARNING * * *
You begin to dig a shaft.
You continue digging a shaft.
* * * LOW HITPOINT WARNING * * *
You feel sick. The scorpion stings you.
You die...

.. .. ######.
.......
....... #
.......##
##..#
........##...#
......hs@..#
...........#
.......#####
#.....# #..###
#. #


You could see a black bear and a scorpion.

Vanquished Creatures
  2 dart slugs (D:1)
  2 endoplasms (D:1)
  3 giant cockroaches
  2 goblins (D:1)
  2 hobgoblins (D:1)
  A kobold (D:2)
  2 quokkas (D:1)
  4 ball pythons (D:1)
  4 bats
  A rat (D:1)
23 creatures vanquished.

Notes
Turn   | Place    | Note
-------+----------+-------------------------------------------
     0 | D:1      | Lavandula the Formicid Transmuter began the quest for the
                  | Orb.
     0 | D:1      | Reached XP level 1. HP: 15/15 MP: 3/3
    72 | D:1      | Found a faded altar of an unknown god.
   413 | D:1      | Reached XP level 2. HP: 20/21 MP: 5/5
   571 | D:1      | Found Herof's General Store.
   788 | D:1      | Reached skill level 4 in Unarmed Combat
   788 | D:1      | Reached XP level 3. HP: 17/26 MP: 6/6
   791 | D:1      | Learned a level 2 spell: Wereblood
   795 | D:1      | Learned a level 3 spell: Spider Form
  1116 | D:1      | Reached skill level 1 in Poison Magic
  1482 | D:1      | Bought a scroll of magic mapping for 49 gold pieces
  1624 | D:2      | You fall into a shaft and drop 2 floors!
  1624 | D:4      | Noticed a scorpion
  1624 | D:4      | Noticed a black bear
  1628 | D:4      | HP: 1/26 [poisoned by an adder]
  1628 | D:4      | Slain by a scorpion

Illustrated notes

Levels and vault maps discovered:
D:1:      beargit_arrival_diablo_church, layout_loops_ring,
          basic_ecumenical_altar, serial_shops, nicolae_diamond_shop,
          minmay_tetromino_i4
D:2:      layout_basic
D:4:      layout_basic, kennysheep_mini, minmay_temple_entry_wispy,
          serial_shops, nicolae_stop_n_shop_2, gammafunk_ghost_cemetery,
          minmay_ruined_shrine

Skill      XL: |  1  2  3 |
---------------+----------+-----
Unarmed Combat | 4 |  4.0
Poison Magic   | 1 |  1.6
Fighting       | |  1.1
Dodging        | |  1.7
Spellcasting   | |  2.1
Transmutations | |  2.1

Action                   || total
-------------------------++-------
Melee: Unarmed           ||    84
       Kick              ||    15
       Punch             ||     2
 Cast: Beastly Appendage ||    16
 Abil: Shaft Self        ||     2
  Use: Potion            ||     1
 Stab: Sleeping          ||     2
Armor: Robe              ||    12
Dodge: Dodged            ||    57

Table legend: (Time is in decaauts)
 A = Elapsed time spent in this place.
 B = Non-inter-level travel time spent in this place.
 C = Inter-level travel time spent in this place.
 D = Time resting spent in this place.
 E = Time spent auto-exploring this place.
 F = Levels seen in this place.
 G = Mean time per level.
                   A        B        C        D        E       F      G
               +--------+--------+--------+--------+--------+-----+--------+
         Total |   1623 |   1557 |     66 |    219 |   1103 |   3 |  541.0 |
       Dungeon |   1623 |   1557 |     66 |    219 |   1103 |   3 |  541.0 |
               +--------+--------+--------+--------+--------+-----+--------+

Top non-repeatable levels by time:
     D:1: 1454 daAuts
     D:2: 164 daAuts
     D:4: 3 daAuts
